Cogmind - Beta 11.1 @@@ ROGUE MODE // 2022.11.25 @ 21:46:13 Player: Infomantis Result: Destroyed by D-53 Grenadier with Mini Grenade Launcher Performance ------------- Evolutions (0) 0 Regions Visited (2) 400 Robots Destroyed (12) 60 Value Destroyed (326) 326 Prototype IDs (0) 0 Alien Tech Used (0) 0 Bonus (58) 58 TOTAL SCORE: 844 Bonus ------- Follower Combat Kills 58 Cogmind --------- Core Integrity 0/250 Matter 300/300 Energy 65/100 System Corruption 0% Temperature Cool (0) Movement Core (50) Location -10/Mines Parts ------- > --- POWER (1) -------- (None) > --- PROPULSION (2) --- Light Treads > --- UTILITY (2) ------ (None) > --- WEAPON (2) ------- (None) > --- INVENTORY (5) ---- Ion Engine Improved Heat Sink Seismic Detector Targeting Computer Peak State ------------ > --- POWER ------------ Ion Engine > --- PROPULSION ------- Aluminum Leg Aluminum Leg > --- UTILITY ---------- Small Storage Unit Seismic Detector > --- WEAPON ----------- Assault Rifle Heavy Assault Rifle > --- INVENTORY -------- Ion Engine Light Treads Light Treads Compact Wheel Improved Heat Sink Seismic Detector Targeting Computer Mining Laser [Rating: 9] Favorites ----------- Power Ion Engine Engine Ion Engine Propulsion Aluminum Leg Treads Light Treads Leg Aluminum Leg Utility Small Storage Unit Device Seismic Detector Storage Small Storage Unit Weapon Assault Rifle Ballistic Gun Assault Rifle Build | -11 -10 -10 ------- Run | Scr Mat Min Slots Evolved . | . . . Power . | . . . Propulsion . | . . . Utility . | . . . Weapon . | . . . Parts Attached 16 | 7 6 3 Power 3 | 1 2 . Engine 3 | 1 2 . Core . | . . . Reactor . | . . . Propulsion 7 | 2 3 2 Treads 1 | . . 1 Leg 5 | 2 3 . Wheel 1 | . . 1 Hover . | . . . Flight . | . . . Utility 2 | 2 . . Device 1 | 1 . . Storage 1 | 1 . . Processor . | . . . Hackware . | . . . Protection . | . . . Artifact . | . . . Weapon 4 | 2 1 1 Energy Gun . | . . . Energy Cannon . | . . . Ballistic Gun 4 | 2 1 1 Ballistic Cannon . | . . . Launcher . | . . . Special Weapon . | . . . Impact Weapon . | . . . Slashing Weapon . | . . . Piercing Weapon . | . . . Special Melee Weapon . | . . . Unidentified Prototypes . | . . . Parts Lost 7 | . . 7 Power 1 | . . 1 Propulsion 3 | . . 3 Utility 1 | . . 1 Weapon 2 | . . 2 Highest Loss Streak 7 | . . 7 To Critical Strikes . | . . . Average Slot Usage (%) 98 | . 100 97 Engine 13 | . 14 13 Leg 27 | . 28 27 Device 13 | . 14 13 Storage 13 | . 14 13 Ballistic Gun 27 | . 28 27 Naked Turns . | . . . Heaviest Build 16 | 13 15 16 Greatest Support 20 | 20 20 20 Greatest Overweight (x) . | . . . Average Overweight (x) . | . . . Largest Inventory Capacity 8 | 8 8 8 Average Capacity 7 | 7 8 7 Most Carried 8 | 8 8 8 Average Carried 7 | 4 7 7 Final Capacity 8 | 8 8 5 Final Carried 8 | 8 8 4 Class Distribution -------------------- 53% | Scavenger-Mutant 46% | Mutant Dominant Class ---------------- Mutant | -10/Materials Scavenger-Mutant | -10/Mines Resources | -11 -10 -10 ----------- Run | Scr Mat Min Matter Collected 597 | 262 240 95 Remotely . | . . . Salvage Created 408 | 42 240 126 Parts 35 | 10 15 10 Haulers Intercepted . | . . . Recyclers Shooed 1 | . 1 . Parts Field Recycled . | . . . Retrieved Matter . | . . . Parts Self-Destructed . | . . . Prevented . | . . . Kills | -11 -10 -10 ------- Run | Scr Mat Min Combat Hostiles Destroyed 8 | . 6 2 Guns 8 | . 6 2 Classes Destroyed 2 | 1 1 . Tunneler 4 | 3 . 1 Grunt 8 | . 6 2 Best Kill Streak 3 | 2 3 1 Combat Bots Only 3 | . 3 1 Max Kills in Single Turn 1 | 1 1 1 Gunslinging . | . . . Exploded . | . . . Melee . | . . . Uniques/NPCs Destroyed . | . . . Combat | -11 -10 -10 -------- Run | Scr Mat Min Damage Taken 1025 | . 308 717 Core 272 | . 62 210 Absorbed by Shields . | . . . Core Remaining (%) 100 | 100 . . Volleys Fired 46 | 11 25 10 Largest 2 | 2 2 2 Hottest 43 | 40 40 43 Shots Fired 90 | 22 50 18 Gun 90 | 22 50 18 Cannon . | . . . Launcher . | . . . Special . | . . . Kinetic 90 | 22 50 18 Thermal . | . . . Explosive . | . . . Electromagnetic . | . . . Robot Hit Streak 9 | 2 9 4 Robot Miss Streak 5 | 4 2 5 Penetration Max . | . . . Secondary Targets . | . . . Shots Hit Robots 57 | 11 38 8 Core Hits 22 | 3 13 6 Critical Kills . | . . . Critical Parts Destroyed . | . . . Critical Strikes . | . . . Melee Attacks . | . . . Impact . | . . . Slashing . | . . . Piercing . | . . . Sneak Attacks . | . . . Combat Hostiles . | . . . Follow-up Attacks . | . . . Damage Inflicted 712 | 143 461 108 Guns 712 | 143 461 108 Cannons . | . . . Explosions . | . . . Melee . | . . . Ramming . | . . . Kinetic 712 | 143 461 108 Thermal . | . . . Explosive . | . . . Electromagnetic . | . . . Impact . | . . . Slashing . | . . . Piercing . | . . . Highest Corruption . | . . . Average Corruption . | . . . Corruption Purged . | . . . Corruption Blocked . | . . . Overload Shots . | . . . Overflow Damage . | . . . Projectiles . | . . . Explosions . | . . . Melee . | . . . Knockbacks . | . . . Impact . | . . . Kinetic . | . . . Secondary . | . . . Self-Inflicted Damage . | . . . Shots . | . . . Rammed . | . . . Targets Rammed . | . . . Kicked . | . . . Crushed . | . . . Highest Temperature 2 | . 2 2 Average Temperature 2 | . 2 2 Received Heat Transfer 213 | . 180 33 Siege Activations . | . . . Robots Corrupted . | . . . Combat Hostiles . | . . . Parts Fried . | . . . Impact Corruptions . | . . . Robots Melted . | . . . Combat Hostiles . | . . . Parts Melted . | . . . Heat Transferred . | . . . Parts Sabotaged . | . . . Parts Stolen . | . . . Parts Stripped . | . . . Power Chain Reactions . | . . . Missiles Intercepted . | . . . Alert | -11 -10 -10 ------- Run | Scr Mat Min Peak Influence 224 | 15 224 131 Initial 12 | . 9 12 Average 60 | 5 93 44 Maximum Alert Level 1 | . 1 . Low Security (%) 92 | 100 84 100 Level 1 7 | . 15 . Level 2 . | . . . Level 3 . | . . . Level 4 . | . . . Level 5 . | . . . High Security . | . . . Max Security . | . . . Squads Dispatched 2 | . 2 . Investigation 2 | . 2 . Extermination . | . . . Reinforcement . | . . . Assault . | . . . Garrison . | . . . Intercept . | . . . Searches Triggered . | . . . Construction Impeded . | . . . Haulers Reinforced . | . . . Active Scanning Responses . | . . . Cargo Convoy Interrupts . | . . . Stealth | -11 -10 -10 --------- Run | Scr Mat Min Distress Signals 1 | . 1 . Communications Jammed . | . . . Distress Signals . | . . . Times Spotted 19 | . 8 11 Peak Tracking Total 9 | . 4 9 Tactical Retreats 1 | . 1 . Traps | -11 -10 -10 ------- Run | Scr Mat Min Traps Triggered 1 | . 1 . Indirectly . | . . . Trap Hack Attempts . | . . . Triggered . | . . . Disarmed . | . . . Reprogrammed . | . . . Reused . | . . . Traps Extracted . | . . . Installed . | . . . Triggered . | . . . Machines | -11 -10 -10 ---------- Run | Scr Mat Min Machines Disabled . | . . . Max in Single Turn . | . . . Machines Sabotaged . | . . . Garrisons Compromised . | . . . Overloaded Fab Kills . | . . . Hacking | -11 -10 -10 --------- Run | Scr Mat Min Machines Accessed 3 | . 3 . Terminals 2 | . 2 . Fabricators . | . . . Repair Stations . | . . . Recycling Units 1 | . 1 . Scanalyzers . | . . . Garrison Access . | . . . Total Hacks 11 | . 11 . Successful 3 | . 3 . Failed 8 | . 8 . Catastrophic 3 | . 3 . Database Lockouts . | . . . Manual 10 | . 10 . Terminals 9 | . 9 . Fabricators . | . . . Repair Stations . | . . . Recycling Units 2 | . 2 . Scanalyzers . | . . . Garrison Access . | . . . Terminal Hacks 2 | . 2 . Record 1 | . 1 . Part Schematic 1 | . 1 . Fabricator Hacks . | . . . Repair Station Hacks . | . . . Recycling Unit Hacks . | . . . Scanalyzer . | . . . Garrison Access Hacks . | . . . Unauthorized Hacks 1 | . 1 . Terminals . | . . . Fabricators . | . . . Repair Stations . | . . . Recycling Units 1 | . 1 . Tunnel 1 | . 1 . Scanalyzers . | . . . Garrison Access . | . . . Data Cores Recovered . | . . . Used . | . . . Hacking Detections 3 | . 3 . Full Trace Events 1 | . 1 . Feedback Events . | . . . Feedback Blocked . | . . . Robot Schematics Acquired . | . . . Robots Built . | . . . Authchips . | . . . Time . | . . . Total Robot Build Rating . | . . . Part Schematics Acquired 1 | . 1 . Parts Built . | . . . Authchips . | . . . Time . | . . . Total Part Build Rating . | . . . Parts Repaired . | . . . Time . | . . . Parts Recycled . | . . . Recycled Matter . | . . . Retrieved Matter . | . . . Retrieved Components . | . . . Parts Scanalyzed . | . . . Part Schematics Acquired . | . . . Parts Damaged . | . . . Bothacking | -11 -10 -10 ------------ Run | Scr Mat Min Used RIF Installer . | . . . Robots Hacked . | . . . Non-combat . | . . . Combat . | . . . Robot Hacks Applied . | . . . Relay Couplers Released . | . . . Fabnet Peak Effective % . | . . . Robots Rewired . | . . . Allies Hacked . | . . . Hacks Repelled . | . . . Allies | -11 -10 -10 -------- Run | Scr Mat Min Total Allies 3 | . . 3 Largest Group 3 | . . 3 Highest-Rated Group 40 | . . 40 Highest-Rated Ally 16 | . . 16 Total Orders . | . . . Ally Attacks 10 | . . 10 Total Damage 116 | . . 116 Kills 2 | . . 2 Allies Corrupted . | . . . Allies Melted . | . . . Intel | -11 -10 -10 ------- Run | Scr Mat Min Robot Analysis Total . | . . . Derelict Logs Recovered . | . . . Drone Launches . | . . . Drone Recoveries . | . . . Exploration | -11 -10 -10 ------------- Run | Scr Mat Min Turns Passed 961 | 157 451 353 Spaces Moved 600 | 91 254 255 Core 8 | 4 . 4 Treads . | . . . Legs 592 | 87 254 251 Wheels . | . . . Hover . | . . . Flight . | . . . Fastest Speed 50 | 50 120 50 Average Speed 119 | 116 120 118 Slowest Speed 120 | 120 120 120 Overloaded Moves . | . . . Propulsion Burnouts . | . . . Robots Hopped . | . . . Cave-ins Triggered . | . . . Exploration Rate (%) 33 | 5 38 58 Regions Visited 2 Branch Regions 1 Pre-discovered Areas 1 | . 1 . Known Exits Taken . | . . . Unknown Exits Taken 2 | 1 1 . Scrap Searched 1 | . . 1 Spaces Dug . | . . . Terrain Destroyed . | . . . Melee . | . . . Projectile . | . . . AOE . | . . . Terrain Rammed . | . . . Walls Destroyed . | . . . Machines Disabled . | . . . Actions | -11 -10 -10 --------- Run | Scr Mat Min Total 759 | 116 353 290 Wait 74 | . 60 14 Move 598 | 90 253 255 Hop . | . . . Pick Up 13 | 8 2 3 Fast Attach 8 | 7 1 . Attach 2 | . . 2 Detach . | . . . Swap 6 | . 5 1 Drop 12 | . 7 5 Fire 46 | 11 25 10 Melee . | . . . Ram . | . . . Kick . | . . . Crush . | . . . Escape Stasis . | . . . Rewire . | . . . Trap . | . . . Miscellaneous . | . . . Route ------- -11/Scrapyard -10/Materials -10/Mines (discovered 2 exits: [*Mat x2]) History --------- Turn | Location | Event 10 | -11/Scrapyard | Discovered new exit (range 16) 158 | -11/Scrapyard | Entered Materials 300 | -10/Materials | Build established: Mutant 380 | -10/Materials | Discovered new exit (range 9) 609 | -10/Materials | Entered Mines 691 | -10/Mines | Discovered new exit (range 8) 727 | -10/Mines | Assisted by bots powering up and referring to "LRC-V3" 749 | -10/Mines | Build established: Scavenger-Mutant 792 | -10/Mines | Discovered new exit (range 12) 893 | -10/Mines | Joined a pair of Derelicts in attacking an 0b10 outpost 927 | -10/Mines | Assembled infested the area 956 | -10/Mines | Core integrity fell below 50% 958 | -10/Mines | Core integrity fell below 20% 962 | -10/Mines | Destroyed by D-53 Grenadier with Mini Grenade Launcher Last Messages --------------- 00952_ Ion Engine destroyed. 00953_ U-05 Engineer lays Concrete. 00953_ K-01 Serf collects debris. 00954_ K-01 Serf destroyed. 00955_ K-01 Serf collects debris. 00957_ Aluminum Leg destroyed. 00958_ Com. Wheel destroyed. 00958_ U-05 Engineer lays Concrete. 00959_ The unstable cave ceiling collapses. 00959_ K-01 Serf collects debris. 00959_ Dropped Sml. Storage Unit. 00959_ Hvy. Assault Rifle destroyed. 00959_ Seismic Detector destroyed. 00960_ U-05 Engineer lays Concrete. 00961_ The unstable cave ceiling collapses. 00961_ U-05 Engineer lays Concrete. 00961_ U-05 Engineer destroyed. 00962_ K-01 Serf collects debris. 00962_ K-01 Serf destroyed. 00962_ Acquired 5 matter. Map ----- +----------------------------------------------------+ | ??????????????????????# ??????????# #??? | | ???????????????????????# ??????????# #??? | | ????????????????????????# ?????????# #??? | | ????????????????????#???# ?????????# #??? | | ???????????????????## ## #????????# #??? | | ???????????????????# #####???# #??? | | ???????????????????# ##### #??? | | ???????????????????# #??? | | ????????????????????# #??? | | ?????????????????????# ## #??? | | ????????????????????## ??# ## ##??? | | ????????????????????# ## ### ##???? | | ???###?????????????# ## #????? | | ???# ?????????????# # ## #????? | | ??? ?????????????# ## ### ##????? | | ???# ?????????????## ### #?# #?########?? | | ???# ???????????????????###??# #???### ##? | | ??## ##??????????????????????# #??## #? | | ??? #?????????????????????## #??# < #? | | ???# #????????????????????## #??# #?? | | ???# ###?????????????????## #??## #?? | | ???# ??????????????##### ##### #?? | | ???# #????######????# #?? | | ???# [#???##"!%"###### k #?? | | ???# !%##??#!]%=!!## ### ##### #?? | | ???# * ##?#| !=[[ |@ # #?## #?? | | ??## ####= =%= #?# #?? | | ??# ### #?# #?? | | ?## !% % ### #?# #?? | | ## !%aa = !=d #?## #?## ##?? | | =[% a d ##??# #??#####??? | | ## = #???# #?????????? | | #?# ###???# ##????????? | | ??# ######## ##???????? | | ## ## ##?####?? | | ##??#### # ### ### ##? | | ##??????#####?# ##### #? | | ##?????????????# #???## #? | | ###########?????# #????## """ ##? | | #??# #?????# #????## """ ###?? | | ???# """ #?????# #???## """ ##???? | | #???# """ #?????# ##### """ ##???? | | ????# """ #?????# ##??? | | ????# =####### ###### #??? | | ?? ?????# < ! =! #????## #??? | | ??????????# =%[ #?????## #??? | | ??????????# ##########??????## #??? | | ??????????# #????????????????# ##??? | | ??????????# #???????????????## ##???? | | ??????????#########??????????????## ##????? | +----------------------------------------------------+ Best States ------------- Heat Dissipation 25 Energy Generation 10 Energy Capacity 250 Matter Stores 300 Matter Capacity 300 Sight Range 16 Terrain Scan Density 10 Evasion (%) 55 Recoil Reduction 1 Item Schematics ----------------- Huge Storage Unit | -10/Materials | Hacked Robot Schematics ------------------ None Fabricated ------------ Nothing Alien Tech Used ----------------- None Achievements -------------- None Challenges ------------ None Game ------ Seed CannonContainmentShredder Manual? 0 Play Time 00:09:46 Cumulative 260.7 hours Start 2022.11.25 @ 21:38:40 End 2022.11.25 @ 21:46:13 Sessions 1 Manual Loads 0 Difficulty Rogue Special Mode None Game No. 182 Rogue 159 Adventurer 6 Explorer 17 Win Type - Total 20 Types 13/0/3/1/0/1/1/1/0 Lore% 94 Gallery% 92 Achievement% 73 Wizard Run 0 Options --------- ASCII 0 Keyboard 0 Movement Numpad Keybinds 0 Fullscreen 1 Font 12/Fuzzy Map View 83x54 Tactical HUD 1 Map Filters NONE Filters NONE Steam 1 RUN: 7e217213-5f4a-4d77-b88b-7bda607aa4f3